TOP OF THE 1ST |
Butler White Sox batting - Pitching for Reading Rainbows : RHP Gustavo Hernández
|
Pitching: RHP Gustavo Hernández
|
|
Batting: RHB Luis Fuentes
|
0-0: Foul Ball, location: 2F 0-1: Foul Ball, location: 2F 0-2: Ball 1-2: Foul Ball, location: 2F 1-2: Foul Ball, location: 2F 1-2: Ball 2-2: Ball 3-2: Ground out 6-3 (Groundball, 6)
|
Batting: LHB Gabriel Flores
|
0-0: Called Strike 0-1: Swinging Strike 0-2: Strikes out swinging
|
Batting: RHB Miguel Sánchez
|
0-0: Ball 1-0: Swinging Strike 1-1: Ball 2-1: SINGLE (Flyball, 9LM)
|
Pitching: RHP Mario García
|
|
Batting: RHB Bobby Murdock
|
0-0: Ball 1-0: Fly out, F5 (Line Drive, 5)
|
Top of the 1st over - 0 runs, 1 hit, 0 errors, 1 left on base; Butler 0 - Reading 0 |
BOTTOM OF THE 1ST |
Reading Rainbows batting - Pitching for Butler White Sox : LHP Phil Forbes
|
Pitching: LHP Phil Forbes
|
|
Batting: LHB Ismael Barajas
|
0-0: Called Strike 0-1: Ball 1-1: Ground out 4-3 (Groundball, 4)
|
Batting: RHB José Moreno
|
0-0: Ball 1-0: Swinging Strike 1-1: SINGLE (Line Drive, 7S)
|
Batting: RHB Edmund Swanson
|
0-0: Ball 1-0: Called Strike 1-1: Swinging Strike 1-2: Strikes out swinging
|
Batting: RHB Ethan Moore
|
0-0: Called Strike 0-1: Foul Ball, location: 2F 0-2: Foul Ball, location: 2F 0-2: Ball 1-2: Ball 2-2: Foul Ball, location: 2F 2-2: Ball 3-2: Ground out 5-3 (Groundball, 5)
|
Bottom of the 1st over - 0 runs, 1 hit, 0 errors, 1 left on base; Butler 0 - Reading 0 |
TOP OF THE 2ND |
Butler White Sox batting - Pitching for Reading Rainbows : RHP Mario García
|
Batting: LHB Jim Knight
|
0-0: Ball 1-0: Ground out 4-3 (Groundball, 4)
|
Batting: LHB Denny Allen
|
0-0: Called Strike 0-1: SINGLE (Groundball, 4D)
|
Batting: LHB Thomas Dixon
|
0-0: Ball 1-0: Ball 2-0: Foul Ball, location: 2F 2-1: Fly out, F3 (Line Drive, 3)
|
Batting: RHB Ramón Maldonado
|
0-0: Ground out 5-3 (Groundball, 56S)
|
Top of the 2nd over - 0 runs, 1 hit, 0 errors, 1 left on base; Butler 0 - Reading 0 |
BOTTOM OF THE 2ND |
Reading Rainbows batting - Pitching for Butler White Sox : LHP Phil Forbes
|
Batting: RHB Carlos Palomón
|
0-0: Called Strike 0-1: Fly out, F7 (Flyball, 7D)
|
Batting: LHB Ramón Morán
|
0-0: Swinging Strike 0-1: Ball 1-1: Ball 2-1: Foul Ball, location: 2F 2-2: Foul Ball, location: 2F 2-2: Ball 3-2: Foul Ball, location: 2F 3-2: Base on Balls
|
Batting: RHB Carlos Huerta
|
0-0: Grounds into double play, 4-6-3 (Groundball, 4)
|
Bottom of the 2nd over - 0 runs, 0 hits, 0 errors, 0 left on base; Butler 0 - Reading 0 |
TOP OF THE 3RD |
Butler White Sox batting - Pitching for Reading Rainbows : RHP Mario García
|
Batting: RHB Jerry Moore
|
0-0: Ball 1-0: Ball 2-0: Called Strike 2-1: SINGLE (Groundball, 5S) (infield hit)
|
Batting: RHB Luis Fuentes
|
0-0: Ball 1-0: SINGLE (Line Drive, 78M) Jerry Moore to second
|
Batting: LHB Gabriel Flores
|
0-0: Ball Jerry Moore steals 3rd base Luis Fuentes to second 1-0: Ball 2-0: Ball 3-0: Called Strike 3-1: Foul Ball, location: 2F 3-2: Foul Ball, location: 2F 3-2: Base on Balls
|
Batting: RHB Miguel Sánchez
|
0-0: Fly out, F8 (Flyball, 89D) Runner from 3rd tags up, OUT at HOME Luis Fuentes to third Gabriel Flores to second
|
Batting: RHB Bobby Murdock
|
0-0: Ball 1-0: Called Strike 1-1: Ball 2-1: Ground out 6-3 (Groundball, 6)
|
Top of the 3rd over - 0 runs, 2 hits, 0 errors, 2 left on base; Butler 0 - Reading 0 |
BOTTOM OF THE 3RD |
Reading Rainbows batting - Pitching for Butler White Sox : LHP Phil Forbes
|
Batting: LHB Dennis McConnell
|
0-0: Ball 1-0: Ball 2-0: Ball 3-0: Base on Balls
|
Batting: SHB Johnny Jackson
|
0-0: Called Strike 0-1: Foul Ball, location: 2F 0-2: Fly out, F6 (Popup, 6MD)
|
Batting: LHB Ismael Barajas
|
0-0: Ball 1-0: Ball 2-0: SINGLE (Line Drive, 8LS) Dennis McConnell to second
|
Batting: RHB José Moreno
|
0-0: Foul Ball, location: 2F 0-1: Swinging Strike 0-2: Strikes out swinging
|
Batting: RHB Edmund Swanson
|
0-0: Ball 1-0: Ball 2-0: Ball 3-0: Called Strike 3-1: Base on Balls Dennis McConnell to third Ismael Barajas to second
|
Batting: RHB Ethan Moore
|
0-0: Ball 1-0: Swinging Strike 1-1: Called Strike 1-2: Strikes out swinging
|
Bottom of the 3rd over - 0 runs, 1 hit, 0 errors, 3 left on base; Butler 0 - Reading 0 |
TOP OF THE 4TH |
Butler White Sox batting - Pitching for Reading Rainbows : RHP Mario García
|
Batting: LHB Jim Knight
|
0-0: Swinging Strike 0-1: Ball 1-1: Called Strike 1-2: Strikes out swinging
|
Batting: LHB Denny Allen
|
0-0: DOUBLE (Line Drive, 78D)
|
Batting: LHB Thomas Dixon
|
0-0: Called Strike 0-1: Fly out, F6 (Popup, 6D)
|
Batting: RHB Ramón Maldonado
|
0-0: Called Strike 0-1: Ball 1-1: Ball 2-1: Called Strike 2-2: Strikes out swinging
|
Top of the 4th over - 0 runs, 1 hit, 0 errors, 1 left on base; Butler 0 - Reading 0 |
BOTTOM OF THE 4TH |
Reading Rainbows batting - Pitching for Butler White Sox : LHP Phil Forbes
|
Batting: RHB Carlos Palomón
|
0-0: Ball 1-0: Ball 2-0: Called Strike 2-1: Ground out 6-3 (Groundball, 6)
|
Batting: LHB Ramón Morán
|
0-0: Ball 1-0: Ball 2-0: Ball 3-0: Called Strike 3-1: Base on Balls
|
Batting: RHB Carlos Huerta
|
0-0: Ball 1-0: 2-RUN HOME RUN (Flyball, 7LD), Distance : 379 ft
|
Batting: LHB Dennis McConnell
|
0-0: Ball 1-0: Ball 2-0: SINGLE (Groundball, 6D)
|
Batting: SHB Johnny Jackson
|
0-0: Ball 1-0: Ball 2-0: Ball 3-0: Called Strike 3-1: SINGLE (Flyball, 89S) Dennis McConnell to second Runner from 2nd tries for 3rd, SAFE, no throw
|
Batting: LHB Ismael Barajas
|
0-0: Ball 1-0: Ball 2-0: Foul Ball, location: 2F 2-1: Foul Ball, location: 2F 2-2: Fielders Choice at 2nd, 1-4 (Groundball, 15)
|
Batting: RHB José Moreno
|
0-0: Called Strike 0-1: Ball 1-1: Ball 2-1: Foul Ball, location: 2F 2-2: Strikes out swinging
|
Bottom of the 4th over - 2 runs, 3 hits, 0 errors, 2 left on base; Butler 0 - Reading 2 |
TOP OF THE 5TH |
Butler White Sox batting - Pitching for Reading Rainbows : RHP Mario García
|
Batting: RHB Jerry Moore
|
0-0: Ball 1-0: Foul Ball, location: 2F 1-1: Ball 2-1: Foul Ball, location: 2F 2-2: Ball 3-2: Foul Ball, location: 2F 3-2: Base on Balls
|
Pitching: LHP Pedro Rosado
|
|
Batting: RHB Luis Fuentes
|
0-0: Ball Jerry Moore steals 2nd base 1-0: Swinging Strike 1-1: Foul Ball, location: 2F 1-2: Ball 2-2: Fly out, F3 (Popup, 3S)
|
Batting: LHB Gabriel Flores
|
0-0: Called Strike 0-1: Ball 1-1: Foul Ball, location: 2F 1-2: Foul Ball, location: 2F 1-2: Ball 2-2: Strikes out swinging
|
Batting: RHB Miguel Sánchez
|
0-0: Ball 1-0: Called Strike 1-1: Ball 2-1: Ball 3-1: Base on Balls
|
Batting: RHB Bobby Murdock
|
0-0: Swinging Strike 0-1: Ground out U3 (Groundball, 34)
|
Top of the 5th over - 0 runs, 0 hits, 0 errors, 2 left on base; Butler 0 - Reading 2 |
BOTTOM OF THE 5TH |
Reading Rainbows batting - Pitching for Butler White Sox : LHP Phil Forbes
|
Batting: RHB Edmund Swanson
|
0-0: Ball 1-0: Foul Ball, location: 2F 1-1: Ground out 4-3 (Groundball, 4)
|
Batting: RHB Ethan Moore
|
0-0: Foul Ball, location: 2F 0-1: Ball 1-1: Swinging Strike 1-2: Strikes out swinging
|
Batting: RHB Carlos Palomón
|
0-0: Called Strike 0-1: Ball 1-1: Called Strike 1-2: Strikes out swinging
|
Bottom of the 5th over - 0 runs, 0 hits, 0 errors, 0 left on base; Butler 0 - Reading 2 |
TOP OF THE 6TH |
Butler White Sox batting - Pitching for Reading Rainbows : LHP Pedro Rosado
|
Batting: LHB Jim Knight
|
0-0: Fly out, F6 (Line Drive, 6)
|
Batting: LHB Denny Allen
|
0-0: Ball 1-0: Foul Ball, location: 2F 1-1: Foul Ball, location: 2F 1-2: Foul Ball, location: 2F 1-2: Strikes out swinging
|
Batting: LHB Thomas Dixon
|
0-0: Swinging Strike 0-1: Foul Ball, location: 2F 0-2: Foul Ball, location: 2F 0-2: Foul Ball, location: 2F 0-2: Ball 1-2: Ball 2-2: Ball 3-2: Foul Ball, location: 2F 3-2: Fly out, F6 (Line Drive, 6M)
|
Top of the 6th over - 0 runs, 0 hits, 0 errors, 0 left on base; Butler 0 - Reading 2 |
BOTTOM OF THE 6TH |
Reading Rainbows batting - Pitching for Butler White Sox : LHP Phil Forbes
|
Batting: LHB Ramón Morán
|
0-0: Called Strike 0-1: Called Strike 0-2: Foul Ball, location: 2F 0-2: Strikes out swinging
|
Batting: RHB Carlos Huerta
|
0-0: Called Strike 0-1: Foul Ball, location: 2F 0-2: Ball 1-2: Strikes out swinging
|
Batting: LHB Dennis McConnell
|
0-0: Ball 1-0: Called Strike 1-1: Ball 2-1: Swinging Strike 2-2: Strikes out swinging
|
Bottom of the 6th over - 0 runs, 0 hits, 0 errors, 0 left on base; Butler 0 - Reading 2 |
TOP OF THE 7TH |
Butler White Sox batting - Pitching for Reading Rainbows : LHP Pedro Rosado
|
Batting: RHB Ramón Maldonado
|
0-0: Foul Ball, location: 2F 0-1: Ball 1-1: Ball 2-1: Called Strike 2-2: Strikes out looking
|
Batting: RHB Jerry Moore
|
0-0: Foul Ball, location: 2F 0-1: Called Strike 0-2: Ball 1-2: Ground out 4-3 (Groundball, 4)
|
Pitching: RHP Jesús Manuel
|
|
Batting: RHB Luis Fuentes
|
0-0: Called Strike 0-1: Foul Ball, location: 2F 0-2: Strikes out swinging
|
Top of the 7th over - 0 runs, 0 hits, 0 errors, 0 left on base; Butler 0 - Reading 2 |
BOTTOM OF THE 7TH |
Reading Rainbows batting - Pitching for Butler White Sox : LHP Phil Forbes
|
Pitching: LHP Luis Torres
|
|
Batting: SHB Johnny Jackson
|
0-0: Swinging Strike 0-1: SINGLE (Groundball, 4MD)
|
Batting: LHB Ismael Barajas
|
0-0: Ball 1-0: Swinging Strike 1-1: Fly out, F9 (Flyball, 89XD)
|
Batting: RHB José Moreno
|
0-0: Called Strike 0-1: Hit by Pitch Johnny Jackson to second
|
Batting: RHB Edmund Swanson
|
0-0: Ball 1-0: Called Strike 1-1: SINGLE (Groundball, 34S) (infield hit) Johnny Jackson to third José Moreno to second
|
Batting: RHB Ethan Moore
|
0-0: Ball 1-0: Ball 2-0: DOUBLE (Line Drive, 7LD) Johnny Jackson scores José Moreno scores Edmund Swanson to third
|
Batting: RHB Carlos Palomón
|
0-0: Intentional Walk
|
Pitching: LHP Francisco Ramírez
|
|
Batting: LHB Ramón Morán
|
0-0: Ball 1-0: Foul Ball, location: 2F 1-1: Foul Ball, location: 2F 1-2: Ball 2-2: Fly out, F4 (Popup, 34S)
|
Batting: RHB Carlos Huerta
|
0-0: Called Strike 0-1: Ball 1-1: Ball 2-1: Fly out, F6 (Popup, 6D)
|
Bottom of the 7th over - 2 runs, 3 hits, 0 errors, 3 left on base; Butler 0 - Reading 4 |
TOP OF THE 8TH |
Butler White Sox batting - Pitching for Reading Rainbows : RHP Jesús Manuel
|
Batting: LHB Gabriel Flores
|
0-0: SINGLE (Flyball, 9S)
|
Batting: RHB Miguel Sánchez
|
0-0: SINGLE (Groundball, 4MD) Gabriel Flores to second Runner from 2nd tries for 3rd, SAFE, throw made to third
|
Batting: RHB Bobby Murdock
|
0-0: Called Strike 0-1: SINGLE (Flyball, 9) Gabriel Flores scores Miguel Sánchez to second Runner from 2nd tries for 3rd, SAFE, no throw
|
Batting: LHB Jim Knight
|
0-0: Called Strike 0-1: Foul Ball, location: 2F 0-2: Strikes out swinging
|
Batting: LHB Denny Allen
|
0-0: Called Strike 0-1: Ball 1-1: Ball 2-1: Ball 3-1: Foul Ball, location: 2F 3-2: Strikes out swinging
|
Batting: LHB Thomas Dixon
|
0-0: Ball 1-0: Called Strike 1-1: Ball 2-1: Ball 3-1: DOUBLE (Line Drive, 7LM) Miguel Sánchez scores Bobby Murdock to third Runner from 3rd tries for Home, SAFE, no throw
|
Pitching: RHP Manny Ramos
|
|
Pinch Hitting: RHB Ed Keesee
|
0-0: Ball 1-0: Ball 2-0: Called Strike 2-1: Ball 3-1: Foul Ball, location: 2F 3-2: Foul Ball, location: 2F 3-2: Base on Balls
|
Pitching: RHP Michael Bane
|
|
Pinch Hitting: LHB Josh Pérez
|
0-0: Ball 1-0: Ball 2-0: Called Strike 2-1: Swinging Strike 2-2: Ball 3-2: Strikes out swinging
|
Top of the 8th over - 3 runs, 4 hits, 0 errors, 2 left on base; Butler 3 - Reading 4 |
BOTTOM OF THE 8TH |
Reading Rainbows batting - Pitching for Butler White Sox : LHP Francisco Ramírez
|
Now at 1B: Josh Pérez
|
|
Now at 2B: Ed Keesee
|
|
Batting: LHB Dennis McConnell
|
0-0: Called Strike
|
|
|
|
0-1: Swinging Strike 0-2: Ball 1-2: Strikes out swinging
|
Batting: SHB Johnny Jackson
|
0-0: Foul Ball, location: 2F 0-1: Ball 1-1: Ball 2-1: Swinging Strike 2-2: Ground out 6-3 (Groundball, 56D)
|
Batting: LHB Ismael Barajas
|
0-0: Foul Ball, location: 2F 0-1: SINGLE (Groundball, 4S) (infield hit)
|
Batting: RHB José Moreno
|
0-0: Ball 1-0: Called Strike 1-1: Called Strike 1-2: Hit by Pitch Ismael Barajas to second
|
Batting: RHB Edmund Swanson
|
0-0: Ball 1-0: Ball 2-0: Foul Ball, location: 2F 2-1: Ball 3-1: Swinging Strike 3-2: Foul Ball, location: 2F 3-2: Foul Ball, location: 2F 3-2: Foul Ball, location: 2F 3-2: SINGLE (Groundball, 5D) Ismael Barajas to third José Moreno to second Ismael Barajas scores José Moreno to third
|
Pitching: RHP Juan Silva
|
|
Batting: RHB Ethan Moore
|
0-0: Called Strike 0-1: Ball 1-1: Ball 2-1: Ball 3-1: Base on Balls Edmund Swanson to second
|
Batting: RHB Carlos Palomón
|
0-0: Fly out, F3 (Line Drive, 3)
|
Bottom of the 8th over - 1 run, 2 hits, 0 errors, 3 left on base; Butler 3 - Reading 5 |
TOP OF THE 9TH |
Butler White Sox batting - Pitching for Reading Rainbows : RHP Michael Bane
|
Batting: RHB Luis Fuentes
|
0-0: Called Strike 0-1: SINGLE (Flyball, 89S)
|
Batting: LHB Gabriel Flores
|
0-0: Ground out 5-3 (Groundball, 5S) Luis Fuentes to second
|
Batting: RHB Miguel Sánchez
|
0-0: Ball 1-0: Fly out, F8 (Flyball, 8RD) Runner from 2nd tags up, SAFE at 3rd, no throw
|
Batting: RHB Bobby Murdock
|
0-0: Called Strike 0-1: SINGLE (Line Drive, 7LM) Luis Fuentes scores
|
Pinch Runner at 1st Cristián Cauozos:
|
|
Batting: LHB Jim Knight
|
0-0: Foul Ball, location: 2F 0-1: Ball 1-1: Foul Ball, location: 2F 1-2: Strikes out swinging
|
Top of the 9th over - 1 run, 2 hits, 0 errors, 1 left on base; Butler 4 - Reading 5 |
|
Saturday, April 7th, 2018 - OOTP Baseball 18.8 Build 76
|
|